 Dungeon Crawl Stone Soup version 0.19.5 (webtiles) character file.

411 Gargoyl the Skirmisher (level 6, -14/51 (52) HPs)
             Began as a Ghoul Abyssal Knight on Mar 28, 2017.
             Was a Believer of Lugonu.
             Demolished by an ogre
             ... wielding a +0 giant club
              (15 damage)
             ... on level 7 of the Dungeon.
             The game lasted 00:10:49 (3752 turns).

Gargoyl the Skirmisher (Ghoul Abyssal Knight)       Turns: 3752, Time: 00:10:50

HP:   -14/51 (52)   AC: 11    Str: 21      XL:     6   Next: 90%
MP:   7/7           EV: 13    Int:  5 (7)  God:    Lugonu [**....]
Gold: 135           SH:  0    Dex: 13 (15) Spells: 0 memorised, 5 levels left

rFire  . . .     SeeInvis .     a - +2 hand axe
rCold  + . .     Gourm    .     d - +0 chain mail
rNeg   + + +     Faith    .     (no shield)
rPois  ∞         Spirit   .     f - +1 helmet
rElec  .         Reflect  .     (no cloak)
rCorr  .         Harm     .     (no gloves)
MR     .....                    (no boots)
Stlth  ..........               (no amulet)
                                (no ring)
                                (no ring)

@: mighty, agile, rotting
A: rotting body, claws 1, carnivore 3, cold resistance 1, negative energy
resistance 3, slow regeneration 1, torment resistance, unbreathing
a: Depart the Abyss, Bend Space, Renounce Religion


You were on level 7 of the Dungeon.
You worshipped Lugonu.
Lugonu was pleased with you.
You were not hungry.

You visited 1 branch of the dungeon, and saw 5 of its levels.
You visited the Abyss 1 time.
You also visited: Bailey.

You collected 135 gold pieces.

Inventory:

Hand Weapons
 a - a +2 hand axe (weapon)
Armour
 d - a +0 chain mail (worn)
 f - a +1 helmet (worn)
Jewellery
 k - an uncursed ring of protection from cold {unknown}
Scrolls
 e - 5 scrolls of identify
 i - 3 scrolls of remove curse
Potions
 b - a potion of magic
 g - a potion of lignification {unknown}
 j - 2 potions of degeneration
 l - a potion of curing {unknown}
 m - a potion of berserk rage {unknown}
Comestibles
 c - a meat ration
 n - a slice of pizza


   Skills:
 + Level 4.1 Fighting
 + Level 3.3 Axes
 + Level 1.4 Throwing
 * Level 3.7 Armour
 + Level 1.1 Dodging
 * Level 2.5 Unarmed Combat
 * Level 3.3 Invocations


You had 5 spell levels left.
You didn't know any spells.

Dungeon Overview and Level Annotations

Branches:
Dungeon (7/15)
 Temple: D:4-7

Altars:


Innate Abilities, Weirdness & Mutations

Your body is rotting away.
You thrive on raw meat.
You are immune to poison.
You have sharp fingernails.
You are carnivorous and can eat meat at any time.
Your flesh is cold resistant. (rC+)
You are immune to negative energy. (rN+++)
You regenerate slowly when monsters are visible.
You are immune to unholy pain and torment.
You can survive without breathing.


Message History

You destroy the necrophage!
Lugonu accepts your kill.
You feel your strength returning.
Your Throwing skill increases to level 1!
You hit the ogre.
The ogre is lightly wounded.
The ogre hits you with a giant club!!
* * * LOW HITPOINT WARNING * * *
Unknown command.
Okay, then.
Unknown command.
Okay, then.
Unknown command.
You feel agile all of a sudden. The ogre hits you with a giant club!
* * * LOW HITPOINT WARNING * * *
It was a potion of might.
You feel very mighty all of a sudden. The ogre hits you with a giant club!
You die...

#.# #.#
#†# #.# .
#.# .# #.#
.#+#######
#F#
#........#
#O#
#........#
#@#
#........#
#.#
#........#
#.#
#........#
#.#
.........#
#.#
##'#######
#.# ##.#
#.# ##.#
#.# #.#
#.#


You could see an ogre and a bullfrog.

Vanquished Creatures
  A necrophage (D:7)
  2 orc priests (D:4)
  A worker ant (D:4)
  2 adders
  An ooze (D:2)
  An adder skeleton (D:7)
  3 worms
  2 dart slugs
  7 leopard geckos
  7 orcs
  2 giant cockroaches
  10 goblins
  6 hobgoblins
  10 jackals
  2 quokkas (D:4)
  A ball python (D:3)
  5 bats (D:1)
  6 frilled lizards
  15 kobolds
  9 rats
93 creatures vanquished.

Vanquished Creatures (others)
  2 orc warriors
2 creatures vanquished.

Grand Total: 95 creatures vanquished

Notes
Turn   | Place    | Note
-------+----------+-------------------------------------------
     0 | Abyss:1  | Gargoyl the Ghoul Abyssal Knight began the quest for the Orb.
     0 | Abyss:1  | Reached XP level 1. HP: 19/19 MP: 1/1
    68 | Abyss:1  | Noticed a great orb of eyes
    94 | Abyss:1  | Paralysed by a great orb of eyes for 4 turns
   171 | Abyss:2  | Noticed a large abomination
   189 | Abyss:2  | Noticed a crimson imp
   194 | Abyss:2  | Noticed a flying skull
   194 | Abyss:2  | Noticed a flying skull
   208 | Abyss:2  | Noticed a large abomination
   232 | Abyss:2  | Noticed a spatial vortex
   233 | Abyss:2  | Noticed a spatial vortex
   233 | Abyss:2  | Noticed a spatial vortex
   233 | Abyss:2  | Noticed a spatial vortex
   233 | D:1      | Escaped the Abyss
   314 | D:1      | Reached * piety under Lugonu
   504 | D:1      | Reached XP level 2. HP: 22/26 MP: 2/2
   860 | D:1      | Reached XP level 3. HP: 33/33 MP: 3/3
  1930 | D:2      | Reached ** piety under Lugonu
  1967 | D:3      | Reached XP level 4. HP: 21/40 MP: 4/4
  2002 | D:3      | Reached skill level 1 in Dodging
  2680 | D:3      | Reached skill level 1 in Unarmed Combat
  2938 | D:4      | Reached XP level 5. HP: 42/46 MP: 5/5
  3012 | D:4      | Reached skill level 4 in Fighting
  3159 | D:4      | You fall through a shaft for 3 floors!
  3171 | D:7      | Found a flagged portal.
  3198 | Bailey   | Entered a bailey
  3225 | Bailey   | Reached *** piety under Lugonu
  3291 | Bailey   | Noticed an orc warrior
  3303 | Bailey   | Banished an orc warrior
  3303 | Bailey   | Reached XP level 6. HP: 8/52 MP: 7/7
  3305 | Bailey   | Noticed an orc warrior
  3309 | Bailey   | Noticed an orc knight
  3312 | Bailey   | Noticed an orc warrior
  3370 | D:7      | Banished an orc warrior
  3723 | D:7      | Noticed a necrophage
  3744 | D:7      | Killed a necrophage
  3744 | D:7      | Reached skill level 1 in Throwing
  3751 | D:7      | HP: 1/51 [ogre/giant club (14)]
  3752 | D:7      | Demolished by an ogre

Skill      XL: |  1  2  3  4  5  6 |
---------------+-------------------+-----
Armour         | 2 3 |  3.7
Axes           | 2 3 |  3.3
Dodging        | 1 |  1.1
Unarmed Combat | 1 2 |  2.5
Fighting       | 4 |  4.1
Invocations    | 3 |  3.3
Throwing       | 1 |  1.4

Action                   |  1- 3 |  4- 6 || total
-------------------------+-------+-------++-------
Melee: Hand axe          |   159 |   165 ||   324
Throw: Tomahawk          |       |    27 ||    27
Invok: Depart the Abyss  |     1 |       ||     1
       Bend Space        |       |     3 ||     3
       Banish            |       |     2 ||     2
  Use: Scroll            |     7 |     2 ||     9
       Potion            |       |     4 ||     4
  Eat: Chunk             |    13 |    39 ||    52
       Meat ration       |       |     1 ||     1
Armor: Chain mail        |   125 |   163 ||   288
Dodge: Dodged            |    62 |   106 ||   168
